 Dungeon Crawl Stone Soup version 0.30.1-1-g62c8e00024 (webtiles) character file.

Game seed: 17668365128983081766

139 Rudioso the Trooper (level 5, -1/44 HPs)
             Began as a Demonspawn Brigand on July 18, 2023.
             Was an Initiate of Okawaru.
             Slain by an iguana (4 damage)
             ... on level 5 of the Dungeon.
             The game lasted 00:17:05 (2197 turns).

Rudioso the Trooper (Demonspawn Brigand)            Turns: 2197, Time: 00:17:06

Health: -1/44      AC:  6    Str: 13    XL:     5   Next: 1%
Magic:  5/5        EV:  8    Int: 12    God:    Okawaru [......]
Gold:   129        SH:  7    Dex: 15    Spells: 4/4 levels left

rFire   . . .        j - +1 short sword (distort)
rCold   . . .        t - +0 kite shield
rNeg    . . .        q - +0 ring mail
rPois   .            (helmet restricted)
rElec   .            c - +0 cloak
rCorr   .            (no gloves)
SInv    .            (no boots)
Will    .....        (no amulet)
Stlth   ++           (no ring)
HPRegen 0.27/turn    (no ring)
MPRegen 0.09/turn

%: no passive effects
@: no status effects
A: horns 1, powered by death 1
a: Renounce Religion


You were on level 5 of the Dungeon.
You worshipped Okawaru.
Okawaru was noncommittal.
You visited 2 branches of the dungeon, and saw 5 of its levels.

You collected 129 gold pieces.

Inventory:

Hand Weapons
 j - a +1 short sword of distortion (weapon)
 o - a +0 sling
Missiles
 d - 9 poisoned darts (quivered)
 e - 3 curare-tipped darts
 f - 6 atropa-tipped darts
 i - 22 stones
 u - 2 boomerangs
Armour
 b - a +0 robe
 c - a +0 cloak (worn)
 q - a +0 ring mail (worn)
 t - a +0 kite shield (worn)
Wands
 s - a wand of flame (20)
Scrolls
 h - a scroll of poison {unknown}
 k - 2 scrolls of teleportation {unknown}
 m - a scroll of enchant weapon {unknown}
 p - 2 scrolls of identify {unknown}
 r - a scroll of fog {unknown}
Potions
 a - a potion of berserk rage {unknown}
 g - 3 potions of curing {unknown}
 l - a potion of flight {unknown}
 n - a potion of attraction {unknown}
 v - a potion of mutation {unknown}


   Skills:
 - Level 5.1 Fighting
 + Level 2.1 Short Blades
 - Level 1.7 Throwing
 - Level 0.8 Dodging
 - Level 3.6 Stealth


You had 4 spell levels left.
You didn't know any spells.
Your spell library contained the following spells:

 Spells                   Type           Power      Damage    Failure   Level
 Sandblast                Erth           0%         2d4       97%         1
 Passwall                 Tmut/Erth      0%         N/A       99%         2
 Inner Flame              Hex/Fire       0%         N/A       100%        3
 Stone Arrow              Conj/Erth      0%         3d7       100%        3
 Flame Wave               Conj/Fire      0%         2d4       100%        4
 Sticky Flame             Conj/Fire      0%         2d3       100%        4


Dungeon Overview and Level Annotations

Branches:
Dungeon (5/15)             Temple (1/1) D:5

Altars:
Hepliaklqana
Kikubaaqudgha
Makhleb
Nemelex Xobeh
Okawaru
Qazlal
Uskayaw
Vehumet
Wu Jian
Yredelemnul

Shops:
D:1 !

Annotations:
D:5 Ijyb


Innate Abilities, Weirdness & Mutations

You have a pair of small horns on your head.
You regenerate a little health from kills.


Message History

Why would you want to do that?
Ijyb the Twisted Goblin comes into view.
She is wielding a +0 club and carrying a wand of light (2).
Found 2 gold pieces.
You hit the bush but do no damage.
Space warps around the bush.
The bush is lightly damaged.
You hit the iguana but do no damage. Your headbutt misses the iguana.
The iguana blinks!
You closely miss the iguana. The iguana barely misses you.
You hit the iguana.
Space warps around the iguana.
Your headbutt misses the iguana.
The iguana is heavily wounded.
The iguana bites you. The iguana closely misses you.
You hit the iguana but do no damage. You headbutt the iguana.
The iguana is severely wounded.
The iguana blinks!
You hit the iguana but do no damage.
The iguana is severely wounded.
The iguana barely misses you.
You barely miss the iguana.
The iguana is severely wounded.
The centaur wields a +0 shortbow.
The centaur shoots an arrow.
The arrow hits you! The iguana bites you!
The centaur shoots an arrow.
The arrow hits you!
You hear a shout!
You closely miss the iguana.
The iguana is severely wounded.
The centaur shoots an arrow.
The arrow hits you.
* * * LOW HITPOINT WARNING * * *
The iguana bites you but does no damage.
The centaur shoots an arrow.
The arrow hits you but does no damage. You block the iguana's attack.
The centaur shoots an arrow.
The arrow hits you.
* * * LOW HITPOINT WARNING * * *
The centaur shoots an arrow.
You block the arrow.
There is a stone staircase leading up here.
There are no items here.
The centaur shoots an arrow.
You block the arrow.
The centaur shoots an arrow.
The arrow hits you.
* * * LOW HITPOINT WARNING * * *
The iguana bites you.
You die...

.....# ##### .....#
##...####≈≈...##
#....P.g.c≈....#
#....####≈≈....#
#..............#
###............#
#...........#.# ########
#...@l........# #......##
#..............
##'###...##
#..........#.##
.....#....#
#..........#...
.⌠.⌠.#....#
##........####.
..>..'....####..÷.........
.⌠.⌠.#.................###
.....#..................##
##'###..÷.##..............


You could see a centaur and an iguana.

Vanquished Creatures
  A hound (D:5)
  An adder (D:5)
  A white imp (D:5)
  2 worms (D:2)
  A dart slug (D:1)
  An orc (D:3)
  5 endoplasms
  A giant cockroach (D:3)
  4 goblins
  4 hobgoblins
  4 jackals (D:2)
  A quokka (D:5)
  5 ball pythons
  4 bats
  4 frilled lizards
  4 kobolds
  5 rats
48 creatures vanquished.

Notes
Turn   | Place    | Note
-------+----------+-------------------------------------------
     0 | D:1      | Rudioso the Demonspawn Brigand began the quest for the Orb.
     0 | D:1      | Reached XP level 1. HP: 16/16 MP: 1/1
   146 | D:1      | Gained mutation: You have a pair of small horns on your
                  | head. [demonic ancestry]
   146 | D:1      | Reached XP level 2. HP: 23/23 MP: 2/2
   278 | D:1      | Found Ruudimiu's Distillery.
   314 | D:1      | Reached skill level 3 in Fighting
  1098 | D:2      | Gained mutation: You regenerate a little health from kills.
                  | [demonic ancestry]
  1098 | D:2      | Reached XP level 3. HP: 26/29 MP: 3/3
  1545 | D:2      | Reached skill level 4 in Fighting
  1811 | D:3      | Reached XP level 4. HP: 37/37 MP: 4/4
  1870 | D:3      | You fall into a shaft and drop 2 floors!
  1870 | D:5      | Entered Level 5 of the Dungeon
  1935 | D:5      | Reached skill level 5 in Fighting
  1941 | D:5      | Reached XP level 5. HP: 43/44 MP: 5/5
  1966 | D:5      | Found a staircase to the Ecumenical Temple.
  1973 | Temple   | Entered the Ecumenical Temple
  2101 | Temple   | Became a worshipper of Warmaster Okawaru
  2171 | D:5      | Noticed a centaur
  2183 | D:5      | Noticed Ijyb
  2197 | D:5      | Slain by an iguana

Illustrated notes

Levels and vault maps discovered:
D:1:      lightli_arrival_boilingwater, layout_basic, serial_shops, shop
D:2:      layout_rooms, serial_co_window_serial, co_window_corner_a,
          co_window_paths_a, co_window_paths_b, co_window_paths_a,
          co_window_corner_a, co_window_of_opportunity_b, co_window_corner_ca,
          co_window_corner_b, co_window_2corner, co_window_of_opportunity_b,
          co_window_cross_4, co_window_paths_e, glass_columns_b,
          glass_columns_a, glass_columns_a, minmay_between
D:3:      layout_rooms, mainiacjoe_overflow_six_doors_small,
          lemuel_coloured_pillars_altar, marbit_many_paths,
          nicolae_ecumenical_snake_handling
D:5:      layout_rooms, mainiacjoe_overflow_alcove_1, minmay_temple_entry_hall,
          abandoned_shop, kb_lookout_dungeons_type, st_stairs_8, uniq_ijyb
Temple:   minmay_temple_curvy_loop

Skill      XL: |  1  2  3  4 |
---------------+-------------+-----
Fighting       | 3 4 5 |  5.1
Short Blades   | 2 |  2.1
Throwing       | |  1.7
Dodging        | |  0.8
Stealth        | |  3.6

Action                     |  1- 3 |  4- 6 || total
---------------------------+-------+-------++-------
  Melee: Dagger            |    32 |       ||    32
         Short sword       |    62 |    24 ||    86
         Headbutt          |     9 |     6 ||    15
         Punch             |     1 |       ||     1
   Stab: Sleeping          |    14 |       ||    14
 Armour: Robe              |    12 |       ||    12
         Ring mail         |    11 |    10 ||    21
  Dodge: Dodged            |    43 |     9 ||    52
  Block: Kite shield       |       |     5 ||     5
